 Dungeon Crawl Stone Soup version 0.25.0-9-g26727b657a (webtiles) character file.

Game seed: 966930665692892190

1345 Lepercus the Slasher (level 8, -6/62 HPs)
             Began as a Human Berserker on June 21, 2020.
             Was an Elder of Trog.
             Mangled by an ogre
             ... wielding a +0 giant club
              (17 damage)
             ... on level 8 of the Dungeon.
             The game lasted 00:46:22 (4469 turns).

Lepercus the Slasher (Human Berserker)              Turns: 4469, Time: 00:46:29

Health: -6/62      AC: 13    Str: 20    XL:     8   Next: 94%
Magic:  8/8        EV:  7    Int:  8    God:    Trog [****..]
Gold:   263        SH:  0    Dex: 12    Spells: 7/7 levels left

rFire    + . .     SeeInvis +   o - +0 falchion (freeze)
rCold    x . .     Gourm    .   (no shield)
rNeg     . . .     Faith    .   h - +0 plate armour
rPois    .         Spirit   .   (no helmet)
rElec    .         Reflect  .   (no cloak)
rCorr    .         Harm     .   (no gloves)
MR       .....                  (no boots)
Stlth    ..........             (no amulet)
HPRegen  0.20/turn              l - ring of fire
MPRegen  0.11/turn              q - ring of see invisible

@: marked, berserk cooldown, slowed, very slow
A: no striking features
a: Berserk, Trog's Hand, Brothers in Arms, Renounce Religion


You were on level 8 of the Dungeon.
You worshipped Trog.
Trog was greatly pleased with you.
You were not hungry.

You visited 1 branch of the dungeon, and saw 8 of its levels.

You collected 263 gold pieces.

Inventory:

Hand Weapons
 a - a +0 falchion
 j - a +0 vorpal falchion
 o - a +0 falchion of freezing (weapon)
Armour
 h - a +0 plate armour (worn)
Jewellery
 l - a ring of fire (left hand)
 q - a ring of see invisible (right hand)
 x - an uncursed ring of fire
 y - an uncursed ring of protection from cold {unknown}
Wands
 u - a wand of iceblast (11)
Scrolls
 b - a scroll of immolation {unknown}
 d - 2 scrolls of enchant weapon {unknown}
 k - 3 scrolls of remove curse {unknown}
 m - 3 scrolls of amnesia {unknown}
 n - a scroll of fear {unknown}
 p - 3 scrolls of teleportation {unknown}
 t - 2 scrolls of enchant armour {unknown}
 v - a scroll of holy word {unknown}
 w - 6 scrolls of identify {unknown}
 z - a scroll of silence {unknown}
Potions
 e - 4 potions of flight {unknown}
 f - 2 potions of heal wounds {unknown}
 g - a potion of mutation {unknown}
 i - 3 potions of curing {unknown}
 r - 2 potions of invisibility {unknown}
 s - a potion of degeneration {unknown}
 A - a potion of might {unknown}
Comestibles
 c - 8 rations


   Skills:
 + Level 5.0 Fighting
 + Level 7.2 Long Blades
 * Level 6.9 Armour
 - Level 2.0 Dodging


You had 7 spell levels left.
You didn't know any spells.
Your spell library was empty.

Dungeon Overview and Level Annotations

Branches:
Dungeon (8/15)
 Temple: D:4-7         Lair: D:8-11

Altars:
Ashenzari
Fedhas
Okawaru
Yredelemnul

Annotations:
D:7 1 runed translucent door, Acheron's ghost, novice DsAK


Message History

The jelly is almost dead.
The hound bites you but does no damage.
You slash the jelly! You freeze the jelly.
You kill the jelly!
Trog accepts your kill.
You are no longer berserk.
You are exhausted.
You feel yourself slow down.
The worker ant bites you but does no damage.
A hippogriff comes into view.
The hound bites you but does no damage. The ogre hits you with a +0 giant club.
* * * LOW HITPOINT WARNING * * *
You slash the ogre! You freeze the ogre.
The ogre is severely wounded.
The worker ant barely misses you. The hound bites you but does no damage.
A leopard gecko skeleton comes into view.
The worker ant bites you.
* * * LOW HITPOINT WARNING * * *
The hound bites you but does no damage. The ogre hits you with a +0 giant club!
You die...

##.# ..... # ...
..... #. #.# ....
###.####.####.###
................#
..........Z.....#
.......#.5O##...#####
......?..sh@†........
..$.....#ha##...#####
........#.......#
..>.....Z...[..##
....###.#####.## ##.#
#.#####h# ...
#...>...## ##
######...# #...# ##


You could see a black bear, an ogre, a scorpion, a hound, a worker ant, a
crimson imp, a leopard gecko skeleton and a bullfrog skeleton.

Vanquished Creatures
  An ice beast (D:4)
  A sky beast (D:6)
  A black bear (D:6)
  2 centaurs
  A bullfrog (D:8)
  3 howler monkeys (D:8)
  2 crimson imps (D:6)
  A centaur zombie (D:6)
  3 hounds
  2 jellies (D:8)
  2 orc priests
  A gnoll shaman (D:6)
  2 orc wizards
  4 worker ants
  A hound zombie (D:7)
  A worker ant zombie (D:5)
  3 gnolls (D:6)
  8 adders
  An ooze (D:1)
  An adder skeleton (D:3)
  2 worms (D:3)
  2 dart slugs (D:3)
  4 leopard geckos
  10 orcs
  5 giant cockroaches
  11 goblins
  11 hobgoblins
  7 jackals
  2 quokkas
  6 bats
  3 frilled lizards
  A giant cockroach zombie (D:5)
  A jackal zombie (D:5)
  5 kobolds
  A leopard gecko skeleton (D:4)
  5 rats
  A spectral orc (D:4)
118 creatures vanquished.

Notes
Turn   | Place    | Note
-------+----------+-------------------------------------------
     0 | D:1      | Lepercus the Human Berserker began the quest for the Orb.
     0 | D:1      | Reached XP level 1. HP: 18/18 MP: 1/1
   149 | D:1      | Reached XP level 2. HP: 20/24 MP: 2/2
   695 | D:1      | Reached XP level 3. HP: 25/29 MP: 3/3
   741 | D:1      | Reached ** piety under Trog
  1031 | D:2      | Reached XP level 4. HP: 18/35 MP: 4/4
  1558 | D:3      | Reached XP level 5. HP: 35/42 MP: 5/5
  1734 | D:3      | Reached skill level 4 in Long Blades
  1909 | D:4      | Found a basalt altar of Yredelemnul.
  2020 | D:5      | Entered Level 5 of the Dungeon
  2020 | D:5      | Noticed an ice beast
  2036 | D:4      | Killed an ice beast
  2036 | D:4      | Reached XP level 6. HP: 37/48 MP: 6/6
  2175 | D:5      | Reached skill level 5 in Long Blades
  2175 | D:5      | HP: 1/72 [orc priest/divine providence (14)]
  2439 | D:4      | Reached XP level 7. HP: 44/54 MP: 7/7
  2809 | D:4      | Reached *** piety under Trog
  2825 | D:4      | Found an iron altar of Okawaru.
  3078 | D:6      | Reached skill level 5 in Armour
  3347 | D:6      | Reached skill level 6 in Long Blades
  3347 | D:6      | Reached XP level 8. HP: 51/61 MP: 8/8
  3758 | D:7      | Found a shattered altar of Ashenzari.
  4153 | D:7      | Found a blossoming altar of Fedhas.
  4177 | D:7      | Found a runed translucent door.
  4177 | D:7      | Noticed Acheron's ghost (novice DsAK)
  4418 | D:8      | Got a jewelled ring mail
  4453 | D:8      | Reached skill level 7 in Long Blades
  4454 | D:8      | Reached skill level 5 in Fighting
  4465 | D:8      | Reached **** piety under Trog
  4468 | D:8      | Noticed a hippogriff
  4469 | D:8      | Mangled by an ogre

Illustrated notes

Levels and vault maps discovered:
D:1:      psy_arrival_spokes, layout_rooms, minivault_5, patterned_corridor
D:2:      layout_basic, grunt_temple_overflow_order_and_chaos_2
D:3:      layout_loops_ring
D:4:      layout_cave_pods, yredelemnul_forgotten_temple_becter, first_ration,
          grunt_decor_mini_mirrors, okawaru_altar_gauntlet_db
D:5:      layout_loops_ring, minmay_temple_entry_statues_fountains,
          makhleb_altar_promises_db, uniq_pikel, uniq_crazy_yiuf_cottage
D:6:      wander_guarded_unrand_ratskin, layout_basic,
          gammafunk_temple_overflow_statue
D:7:      layout_basic, lemuel_crystal_altar, overflow_temple_1_default,
          nicolae_ashenzari_panopticon, gammafunk_ghost_grave
D:8:      layout_loops_cross, marbit_many_paths

Skill      XL: |  1  2  3  4  5  6  7  8 |
---------------+-------------------------+-----
Armour         | 3 4 5 6 |  6.9
Long Blades    | 4 5 6 7 |  7.2
Fighting       | 4 5 |  5.0
Dodging        | |  2.0

Action                   |  1- 3 |  4- 6 |  7- 9 || total
-------------------------+-------+-------+-------++-------
Melee: Falchion          |   117 |   191 |   234 ||   542
Throw: Stone             |     2 |       |       ||     2
Invok: Berserk           |       |     2 |     3 ||     5
  Eat: Ration            |       |     3 |     1 ||     4
       Chunk             |       |     2 |     3 ||     5
Armor: Plate armour      |   135 |   124 |   164 ||   423
Dodge: Dodged            |    57 |    61 |    88 ||   206
       Rpst.: Falchion   |    16 |    25 |    30 ||    71
